 Dungeon Crawl Stone Soup version 0.23.2-11-gf996548c65 (webtiles) character file.

Game seed: 16016247360016650935

47 kae the Changer (level 3, -2/28 HPs)
             Began as a Draconian Transmuter on June 3, 2019.
             Killed by nerve-wracking pain
             ... invoked by Jessica
              (14 damage)
             ... on level 1 of the Dungeon.
             The game lasted 00:02:08 (1436 turns).

kae the Changer (Draconian Transmuter)              Turns: 1436, Time: 00:02:08

Health: -2/28      AC:  2    Str: 12    XL:     3   Next: 48%
Magic:  3/6        EV: 19    Int: 13    God:
Gold:   51         SH:  0    Dex: 17    Spells: 1/7 levels left

rFire    . . .     SeeInvis .     - Unarmed
rCold    . . .     Gourm    .   (shield currently unavailable)
rNeg     . . .     Faith    .   (armour unavailable)
rPois    x         Spirit   .   (helmet currently unavailable)
rElec    .         Reflect  .   (cloak currently unavailable)
rCorr    .         Harm     .   (gloves currently unavailable)
MR       .....                  (boots currently unavailable)
Stlth    ++........             (no amulet)
HPRegen  0.09/turn              (no ring)
MPRegen  0.10/turn              (no ring)

@: spider-form
A: tiny, unfitting armour, AC +5
a: End Transformation


You were on level 1 of the Dungeon.
You were not hungry.
You were a venomous arachnid creature.
You visited 1 branch of the dungeon, and saw 2 of its levels.

You collected 51 gold pieces.

Inventory:

Missiles
 a - 12 arrows
Scrolls
 b - a scroll of remove curse {unknown}
 d - 2 scrolls of fear {unknown}
 e - a scroll of noise {unknown}
 g - a scroll of magic mapping {unknown}
 i - a scroll of identify {unknown}
 j - a scroll of enchant weapon {unknown}
Potions
 h - a potion of haste {unknown}
Comestibles
 c - 6 rations


   Skills:
 - Level 1.1 Fighting
 - Level 1.7 Dodging
 - Level 3.0 Unarmed Combat
 + Level 2.6 Spellcasting
 * Level 3.4 Transmutations


You had one spell level left.
You knew the following spells:

 Your Spells              Type           Power        Failure   Level  Hunger
a - Beastly Appendage     Tmut           ##....       17%         1    #......
b - Sticks to Snakes      Tmut           ##......     22%         2    ###....
c - Spider Form           Tmut/Pois      #.........   56%         3    ###....

Your spell library contained the following spells:

 Spells                   Type           Power        Failure   Level  Hunger
 Ice Form                 Ice/Tmut       #.......     89%         4    #####..
 Blade Hands              Tmut           ##........   95%         5    ######.


Dungeon Overview and Level Annotations

Branches:
Dungeon (2/15)

Altars:

Annotations:
D:1 Jessica
D:2 Robin


Innate Abilities, Weirdness & Mutations

((Your plain brown scales are hard. (AC +5)))
You cannot fit into any form of body armour.
((You are cold-blooded and may be slowed by cold attacks.))


Message History

You don't have the energy to cast that spell.
You eat one of the 7 rations.
That ration really hit the spot!
The goblin hits you with a +0 club.
Casting: Spider Form (safe; 34% risk of failure)
Confirm with . or Enter, or press ? or * to list all spells.
You turn into a venomous arachnid creature.
The goblin misses you. The goblin completely misses you.
You bite the goblin!
You kill the goblin!
Jessica mumbles some strange words.
Jessica blinks!
Things that are here:
a +0 club; a goblin corpse Jessica gestures wildly while chanting.
Jessica blinks!
Jessica points at you and mumbles some strange words.
Pain shoots through your body!
Ouch! That really hurt!
You die...

#'############..#
#.##.#....###
#'######
#..#####.##...≈≈..#
.......#
#......#.##.≈≈≈≈≈.#
.......#
#..@...'....≈≈≈≈≈.##
.......#
#......##...≈≈≈≈≈..#
.......#
#.#'#####...≈≈≈≈≈..#
.......##
#.#.#####....≈≈≈...#
........#
#.§....####+.....#.#
........# ###s##.#
#.#....... ........#
#.##.# #.#.######
...)....# #.##.#
#.#.# ........#
#)##.# #.#.#
#######.#
#.##.####.#.# #.#
#.........#.# #.#
#####.#......####
#.#
#...............#
#.#
#.###.#.#.......#


You could see Jessica.

Vanquished Creatures
  An adder (D:1)
  A leopard gecko (D:1)
  A giant cockroach (D:1)
  10 goblins
  6 hobgoblins
  A kobold (D:1)
  A quokka (D:2)
  3 bats (D:1)
  10 frilled lizards (D:1)
  2 rats (D:1)
36 creatures vanquished.

Notes
Turn   | Place    | Note
-------+----------+-------------------------------------------
     0 | D:1      | kae the Draconian Transmuter began the quest for the Orb.
     0 | D:1      | Reached XP level 1. HP: 16/16 MP: 3/3
   119 | D:1      | Reached XP level 2. HP: 22/23 MP: 3/5
  1111 | D:2      | Noticed Jessica
  1120 | D:1      | Reached XP level 3. HP: 16/28 MP: 4/6
  1159 | D:2      | Learned a level 2 spell: Sticks to Snakes
  1163 | D:2      | Learned a level 3 spell: Spider Form
  1313 | D:2      | Noticed Robin
  1436 | D:1      | Killed from afar by Jessica

Skill      XL: |  1  2 |
---------------+-------+-----
Transmutations | 3 |  3.4
Fighting       | |  1.1
Dodging        | |  1.7
Unarmed Combat | |  3.0
Spellcasting   | |  2.6

Action                   || total
-------------------------++-------
Melee: Unarmed           ||   102
       Headbutt          ||     6
       Tailslap          ||     5
       Kick              ||     4
 Cast: Beastly Appendage ||    16
       Spider Form       ||     2
  Use: Potion            ||     1
  Eat: Ration            ||     1
Armor: Skin              ||    31
Dodge: Dodged            ||    73
